 Dungeon Crawl Stone Soup version 0.21-a0-471-gd587bd5 (webtiles) character file.

41 kae the Insei (level 3, 0/29 HPs)
             Began as a Draconian Transmuter on Nov 21, 2017.
             Slain by Sigmund
             ... wielding a +0 scythe
              (9 damage)
             ... on level 2 of the Dungeon.
             The game lasted 00:01:37 (1361 turns).

kae the Insei (Draconian Transmuter)                Turns: 1361, Time: 00:01:38

Health: 0/29       AC:  2    Str: 12    XL:     3   Next: 32%
Magic:  5/6        EV: 25    Int: 18    God:
Gold:   83         SH:  0    Dex: 22    Spells: 0/6 levels left

rFire    . . .     SeeInvis .     - Unarmed
rCold    . . .     Gourm    .   (shield currently unavailable)
rNeg     . . .     Faith    .   (armour unavailable)
rPois    x         Spirit   .   (helmet currently unavailable)
rElec    .         Reflect  .   (cloak currently unavailable)
rCorr    .         Harm     .   (gloves currently unavailable)
MR       .....                  (boots currently unavailable)
Stlth    +++.......             (no amulet)
HPRegen  0.09/turn              (no ring)
MPRegen  0.10/turn              (no ring)

@: brilliant, agile, spider-form (expiring)
A: unfitting armour, AC +5
a: End Transformation


You were on level 2 of the Dungeon.
You were hungry.
You were a venomous arachnid creature.
You visited 1 branch of the dungeon, and saw 2 of its levels.

You collected 83 gold pieces.

Inventory:

Hand Weapons
 e - a +0 whip of freezing (melded)
Missiles
 a - 49 arrows
Jewellery
 g - a +4 ring of protection {unknown}
Potions
 f - a potion of curing
Books
 b - a book of Changes

   Spells                             Type                      Level
   a - Beastly Appendage              Transmutation                1
   b - Sticks to Snakes               Transmutation                2
   c - Spider Form                    Transmutation/Poison         3
   d - Ice Form                       Ice/Transmutation            4
   e - Blade Hands                    Transmutation                5
Comestibles
 c - 2 bread rations
 d - 4 chunks of flesh
 h - 2 meat rations
 i - a royal jelly


   Skills:
 + Level 1.7 Fighting
 - Level 1.7 Dodging
 * Level 3.5 Unarmed Combat
 + Level 2.3 Spellcasting
 * Level 2.7 Transmutations


You couldn't memorise any spells.
You knew the following spells:

 Your Spells              Type           Power        Failure   Level  Hunger
a - Beastly Appendage     Tmut           ###...       2%          1    #......
b - Sticks to Snakes      Tmut           ###.....     2%          2    ##.....
c - Spider Form           Tmut/Pois      ###.......   7%          3    ###....


Dungeon Overview and Level Annotations

Branches:
Dungeon (2/15)

Altars:
Ashenzari
Cheibriados
Qazlal
Ru
Uskayaw
Vehumet

Annotations:
D:2 Sigmund


Innate Abilities, Weirdness & Mutations

((Your plain brown scales are hard. (AC +5)))
You cannot fit into any form of body armour.
((You are cold-blooded and may be slowed by cold attacks.))


Message History

You are confused.
You bump into the rock wall.
Your transformation is almost over.
Something closely misses you.
You miss something. You barely miss something.
You hear some strange, mumbled words.
A magic dart appears from out of thin air!
The magic dart hits you!
You bump into the stone wall.
You hear some strange, mumbled words.
A magic dart appears from out of thin air!
The magic dart hits you!
* * * LOW HITPOINT WARNING * * *
You bump into the rock wall.
You hit something. Something closely misses you.
You hit something but do no damage.
You feel less confused. Something hits you!
You die...

#....'.............#
##(..#..#.......#..#
#.###....#...#...รท#
#######.#
#_.....#....._#
(#.......#
###.........###
.#.......#
###.....###
......(..# ###_###
#........# #.###
#!.....(.# #s#
#........# #{#
#.(......# #.#
#........# #.#
##.#####.# #.# #..#
.# #.# ##.## # #.#
#..# # ####'#####
###.###.# #........#


There were no monsters in sight!

Vanquished Creatures
  A worm (D:2)
  A giant cockroach (D:1)
  6 hobgoblins
  2 jackals (D:1)
  A ball python (D:1)
  2 bats (D:1)
  5 frilled lizards (D:1)
  5 goblins (D:1)
  3 kobolds (D:1)
  3 rats
29 creatures vanquished.

Vanquished Creatures (collateral kills)
  An adder (D:2)
  A worm (D:2)
2 creatures vanquished.

Grand Total: 31 creatures vanquished

Notes
Turn   | Place    | Note
-------+----------+-------------------------------------------
     0 | D:1      | kae the Draconian Transmuter began the quest for the Orb.
     0 | D:1      | Reached XP level 1. HP: 16/16 MP: 3/3
   340 | D:1      | Reached XP level 2. HP: 23/23 MP: 5/5
   960 | D:2      | Found a sacrificial altar of Ru.
   960 | D:2      | Found a hide-covered altar of Uskayaw.
   960 | D:2      | Found a snail-covered altar of Cheibriados.
   962 | D:2      | Found a radiant altar of Vehumet.
   963 | D:2      | Found a shattered altar of Ashenzari.
   976 | D:2      | Found a stormy altar of Qazlal.
  1175 | D:2      | Learned a level 2 spell: Sticks to Snakes
  1189 | D:2      | Reached XP level 3. HP: 25/28 MP: 1/6
  1275 | D:2      | Noticed Sigmund
  1336 | D:2      | Learned a level 3 spell: Spider Form
  1361 | D:2      | Slain by Sigmund

Vault maps used:
D:1:      dpeg_arrival_signposts
D:2:      fedhas_altar_3, minmay_overflow_temple_hex, uniq_natasha, uniq_sigmund

Action                   || total
-------------------------++-------
Melee: Unarmed           ||    34
       Whip              ||    78
       Tailslap          ||     7
       Punch             ||     1
 Cast: Beastly Appendage ||     1
       Sticks to Snakes  ||     2
       Spider Form       ||     1
  Use: Scroll            ||     2
       Potion            ||     3
 Stab: Distracted        ||     1
  Eat: Chunk             ||     1
Armor: Skin              ||    28
Dodge: Dodged            ||    93

Table legend:
 A = Spawn XP
 B = Non-spawn XP
 C = Spawn XP percentage of total XP
 D = Spawn monster count
 E = Non-spawn monster count
 F = Spawn count percentage of total count
 G = Total turns spent on level
                    A         B        C        D         E        F      G
               +---------+---------+-------+---------+---------+-------+---------
         Total |       0 |      59 |   0.0 |       0 |      31 |   0.0 |  1361
               +---------+---------+-------+---------+---------+-------+---------
           D:1 |       0 |      37 |   0.0 |       0 |      25 |   0.0 |   956
           D:2 |       0 |      22 |   0.0 |       0 |       6 |   0.0 |   405
               +---------+---------+-------+---------+---------+-------+---------
